WCHLSIM.com - West Coast Hockey League
html PUBLIC "-//W3C//DTD XHTML 1.0 Transitional//EN" "http://www.w3.org/TR/xhtml1/DTD/xhtml1-transitional.dtd"> WCHL - Game 1193 - CALGARY FIREMEN vs UTAH ICE BEARS

CALGARY FIREMEN vs UTAH ICE BEARS

Created - 11 mai 2021 at 22:21

Goals
1 2 3 T
CALGARY FIREMEN 1 3 0 4
UTAH ICE BEARS 1 0 0 1
Shots
1 2 3 T
CALGARY FIREMEN 11 15 5 31
UTAH ICE BEARS 19 4 9 32

1st period

1. UTAH ICE BEARS , Troy Stecher 1 (Nathan Walker 4, Robert Lantosi 1) at 1:03
2. CALGARY FIREMEN , Sonny Milano 5 (Brendan Gallagher 50, Frans Nielsen 8) at 1:09

Penalties :
Jonathon Merrill (CGY) for Roughing (Minor) at 3:00

2nd period

3. CALGARY FIREMEN , Brendan Gallagher 51 (Ryan Johansen 60, Filip Forsberg 62) at 0:43
4. CALGARY FIREMEN , Sami Vatanen 7 (Viktor Arvidsson 26, Brent Seabrook 7) at 9:10
5. CALGARY FIREMEN , Adam Henrique 43 (Oskar Lindblom 42, Viktor Arvidsson 27) at 14:49

Penalties :
Filip Forsberg (CGY) for Roughing (Minor) at 2:48, Troy Stecher (UTA) for Interference (Minor) at 5:38, Conor Timmins (UTA) for Boarding (Minor) at 12:10

3rd period

No Goal

Penalties :
No Penalty

Goalie Stats

Vitek Vanecek (CGY), 31 saves from 32 shots - (0,969), W, 12-12-0, 60:00 minutes
Devan Dubnyk (UTA), 20 saves from 24 shots - (0,833), L, 6-22-2, 34:49 minutes
Calvin Pickard (UTA), 7 saves from 7 shots - (1,000), 25:11 minutes

Players Stats for CALGARY FIREMEN

Player Name              G  A  P  +/- PIM S  H  SB GA TA FO     MP     PP MP  PK MP  
------------------------------------------------------------------------------------
Adam Henrique            1  0  1   1  0   4  0  0  0  0  20/28  19:51   0:00   0:41 
Brendan Gallagher        1  1  2   2  0   6  3  1  0  0  1/2    24:41   1:51   0:00 
Brent Seabrook           0  1  1   1  0   0  1  3  0  0  0/0    22:13   2:14   2:48 
Brett Howden             0  0  0   0  0   1  0  0  0  0  4/11   13:39   1:51   1:44 
Darren Raddysh           0  0  0   2  0   0  2  0  0  0  0/0    14:21   0:00   0:12 
Filip Forsberg           0  1  1   1  2   6  3  0  0  0  2/6    24:59   2:07   1:25 
Frans Nielsen            0  1  1   1  0   1  2  0  0  0  11/15  15:04   2:07   0:56 
Gustav Forsling          0  0  0   0  0   0  0  1  0  0  0/0     6:43   0:00   0:36 
Gustav Lindstrom         0  0  0   2  0   0  2  0  0  0  0/0    14:09   0:00   0:00 
Jake McCabe              0  0  0   0  0   0  0  1  0  0  0/0    17:19   1:44   0:58 
Joakim Nygard            0  0  0   0  0   1  0  0  0  0  0/1    11:03   0:00   1:32 
Jonathon Merrill         0  0  0   0  2   0  1  1  0  0  0/0    16:54   1:44   0:34 
Oskar Lindblom           0  1  1   1  0   2  0  0  0  0  0/0    19:10   0:00   0:00 
Ryan Johansen            0  1  1   1  0   2  2  0  0  0  6/18   11:22   0:00   0:00 
Sami Vatanen             1  0  1   1  0   1  1  1  0  0  0/0    22:13   2:14   2:48 
Sonny Milano             1  0  1   1  0   2  0  0  0  0  0/3    15:46   2:07   1:38 
Viktor Arvidsson         0  2  2   1  0   4  0  0  0  0  2/2    20:26   1:51   0:00 
Ville Heinola            0  0  0   0  0   1  0  0  0  0  0/0     6:07   0:00   0:00 

Players Stats for UTAH ICE BEARS

Player Name              G  A  P  +/- PIM S  H  SB GA TA FO     MP     PP MP  PK MP  
------------------------------------------------------------------------------------
Alex Galchenyuk          0  0  0  -2  0   0  2  0  0  0  1/1    19:02   1:43   0:22 
Alexander Edler          0  0  0  -3  0   4  0  2  0  0  0/0    24:21   2:15   2:13 
Andrew Mangiapane        0  0  0   0  0   7  0  0  0  0  0/0    19:14   2:15   2:22 
Artem Anisimov           0  0  0  -2  0   8  1  0  0  0  16/29  23:03   2:15   2:22 
Blake Lizotte            0  0  0  -2  0   5  0  0  0  0  9/21   19:54   1:43   1:14 
Conor Timmins            0  0  0  -1  2   0  0  0  0  0  0/0     5:16   0:00   0:00 
Erik Gudbranson          0  0  0  -1  0   1  4  1  0  0  0/0    19:34   1:43   1:31 
Kyle Okposo              0  0  0   0  0   1  2  0  0  0  0/2    18:06   2:15   1:14 
Nathan Walker            0  1  1   1  0   0  4  0  0  0  0/0    16:41   0:00   0:00 
Oliwer Kaski             0  0  0   1  0   0  0  1  0  0  0/0    16:15   0:00   0:24 
Otto Koivula             0  0  0  -2  0   0  0  0  0  0  0/1     3:49   0:00   0:00 
Radim Simek              0  0  0  -1  0   0  1  1  0  0  0/0    19:24   1:43   1:21 
Robert Lantosi           0  1  1   1  0   0  0  0  0  0  1/3    16:41   0:00   0:00 
Ross Colton              0  0  0  -2  0   0  0  0  0  0  6/10    4:11   0:00   0:22 
T.J. Brodie              0  0  0  -2  0   0  0  3  0  0  0/0    19:18   2:15   2:27 
Troy Stecher             1  0  1   1  2   1  0  1  0  0  0/0    15:50   0:00   0:00 
Vladimir Sobotka         0  0  0   1  0   3  1  0  0  0  7/16   16:41   0:00   0:00 
Zachary Sanford          0  0  0  -2  0   2  1  1  0  0  0/3    18:40   1:43   0:00 

3 Stars

1 - Brendan Gallagher (CGY)
2 - Vitek Vanecek (CGY)
3 - Sami Vatanen (CGY)

Power Play

CALGARY FIREMEN - 0 on 2 Attempt(s) - 0,00%
UTAH ICE BEARS - 0 on 2 Attempt(s) - 0,00%

Penalty Kill

CALGARY FIREMEN - 2 on 2 Attempt(s) - 100,00% - Score 0 goal in Penalty Kill
UTAH ICE BEARS - 2 on 2 Attempt(s) - 100,00% - Score 0 goal in Penalty Kill

Team Stat

CALGARY FIREMEN - Hits : 17 - Faceoff Wins : 46 - Blocked Shots : 8 - Penalty Minutes : 4
UTAH ICE BEARS - Hits : 16 - Faceoff Wins : 40 - Blocked Shots : 10 - Penalty Minutes : 4

Official

Referees : Brian Pochmara and Kyle Rehman
Linesman : Tony Sericolo and Ryan Galloway

Game Notes

Calvin Pickard enters game at 14:49 of 2nd period

Finance

Level 1 -- Attendance: 7750 (100,00%) -- Ticket Income 930 000 $
Level 2 -- Attendance: 5750 (100,00%) -- Ticket Income 465 750 $
Level 3 -- Attendance: 2500 (100,00%) -- Ticket Income 152 500 $
Level 4 -- Attendance: 5000 (100,00%) -- Ticket Income 205 000 $
Luxury Box -- Attendance: 1000 (100,00%) -- Ticket Income 231 000 $
Total Attendance: 22000 (100,00%)
Total Ticket Income: 1 984 250 $
Other Expense: 19 842 $
Total Income: 1 964 408 $

CALGARY FIREMEN

5 vs 5 Forward 
   Center                   Left Wing                Right Wing               Time % Phy DF OF 
 1 Ryan Johansen            Filip Forsberg           Brendan Gallagher        36     1   2  2  
 2 Adam Henrique            Oskar Lindblom           Viktor Arvidsson         31     1   2  2  
 3 Frans Nielsen            Sonny Milano             Brendan Gallagher        23     1   2  2  
 4 Brett Howden             Joakim Nygard            Filip Forsberg           10     1   2  2  

5 vs 5 Defense 
   Defense                  Defense                                           Time % Phy DF OF 
 1 Sami Vatanen             Brent Seabrook                                    36     1   2  2  
 2 Jake McCabe              Jonathon Merrill                                  31     1   2  2  
 3 Gustav Lindstrom         Darren Raddysh                                    23     1   2  2  
 4 Gustav Forsling          Ville Heinola                                     10     1   2  2  

PowerPlay Forward 
   Center                   Left Wing                Right Wing               Time % Phy DF OF 
 1 Sonny Milano             Frans Nielsen            Filip Forsberg           55     1   2  2  
 2 Brett Howden             Brendan Gallagher        Viktor Arvidsson         45     1   2  2  

PowerPlay Defense
   Defense                  Defense                                           Time % Phy DF OF 
 1 Sami Vatanen             Brent Seabrook                                    55     1   2  2  
 2 Jake McCabe              Jonathon Merrill                                  45     1   2  2  

Penalty Kill 4 Players Forward 
   Center                   Wing                     Time % Phy DF OF 
 1 Filip Forsberg           Frans Nielsen            55     1   2  2  
 2 Brett Howden             Sonny Milano             45     1   2  2  

Penalty Kill 4 Players Defense
   Defense                  Defense                  Time % Phy DF OF 
 1 Sami Vatanen             Brent Seabrook           55     1   2  2  
 2 Jake McCabe              Jonathon Merrill         45     1   2  2  

Penalty Kill - 3 Players Forward 
   Forward                                           Time % Phy DF OF 
 1 Filip Forsberg                                    55     1   2  2  
 2 Frans Nielsen                                     45     1   2  2  

Penalty Kill - 3 Players Defense
   Defense                  Defense                  Time % Phy DF OF 
 1 Sami Vatanen             Brent Seabrook           55     1   2  2  
 2 Jake McCabe              Jonathon Merrill         45     1   2  2  

4 vs 4 Forward 
   Center                   Wing                     Time % Phy DF OF 
 1 Brett Howden             Sonny Milano             55     1   2  2  
 2 Frans Nielsen            Filip Forsberg           45     1   2  2  

4 vs 4 Defense
   Defense                  Defense                  Time % Phy DF OF 
 1 Sami Vatanen             Brent Seabrook           55     1   2  2  
 2 Jake McCabe              Jonathon Merrill         45     1   2  2  

Last Minutes Offensive
   Center                   Left Wing                Right Wing               Defense                  Defense                  
   Ryan Johansen            Filip Forsberg           Brendan Gallagher        Sami Vatanen             Brent Seabrook           

Last Minutes Defensive
   Center                   Left Wing                Right Wing               Defense                  Defense                  
   Ryan Johansen            Filip Forsberg           Brendan Gallagher        Sami Vatanen             Brent Seabrook           

Goaltenders
Starting : Vitek Vanecek            
Backup : Antti Raanta             

Extra Forwards
Normal : Frans Nielsen, Brett Howden, Sonny Milano - PP : Frans Nielsen, Brett Howden - PK : Sonny Milano
Extra Defensemen
Normal : Gustav Lindstrom, Sami Vatanen, Gustav Forsling - PP : Gustav Lindstrom - PK : Brent Seabrook, Gustav Forsling
Penalty Shots
Sonny Milano, Frans Nielsen, Filip Forsberg, Brett Howden, Brendan Gallagher
Custom OT Lines Forwards
Filip Forsberg, Brendan Gallagher, Ryan Johansen, Adam Henrique, Oskar Lindblom, Viktor Arvidsson, Frans Nielsen, Brett Howden, Sonny Milano, Joakim Nygard
Custom OT Lines Defensemen
Sami Vatanen, Brent Seabrook, Jake McCabe, Jonathon Merrill, Gustav Lindstrom

Scratches
Chase De Leo (Healthy), Markus Nutivaara (Upper Body Injury), Anthony Peluso (Healthy), Yakov Trenin (Healthy)

UTAH ICE BEARS

5 vs 5 Forward 
   Center                   Left Wing                Right Wing               Time % Phy DF OF 
 1 Artem Anisimov           Andrew Mangiapane        Kyle Okposo              36     1   2  2  
 2 Blake Lizotte            Alex Galchenyuk          Zachary Sanford          31     1   2  2  
 3 Vladimir Sobotka         Nathan Walker            Robert Lantosi           23     1   2  2  
 4 Ross Colton              Otto Koivula             Artem Anisimov           10     1   2  2  

5 vs 5 Defense 
   Defense                  Defense                                           Time % Phy DF OF 
 1 Alexander Edler          T.J. Brodie                                       36     1   2  2  
 2 Erik Gudbranson          Radim Simek                                       31     1   2  2  
 3 Troy Stecher             Oliwer Kaski                                      23     1   2  2  
 4 Conor Timmins            Alexander Edler                                   10     1   2  2  

PowerPlay Forward 
   Center                   Left Wing                Right Wing               Time % Phy DF OF 
 1 Artem Anisimov           Andrew Mangiapane        Kyle Okposo              55     1   2  2  
 2 Blake Lizotte            Alex Galchenyuk          Zachary Sanford          45     1   2  2  

PowerPlay Defense
   Defense                  Defense                                           Time % Phy DF OF 
 1 Alexander Edler          T.J. Brodie                                       55     1   2  2  
 2 Erik Gudbranson          Radim Simek                                       45     1   2  2  

Penalty Kill 4 Players Forward 
   Center                   Wing                     Time % Phy DF OF 
 1 Artem Anisimov           Andrew Mangiapane        55     1   2  2  
 2 Blake Lizotte            Kyle Okposo              45     1   2  2  

Penalty Kill 4 Players Defense
   Defense                  Defense                  Time % Phy DF OF 
 1 Alexander Edler          T.J. Brodie              55     1   2  2  
 2 Erik Gudbranson          Radim Simek              45     1   2  2  

Penalty Kill - 3 Players Forward 
   Forward                                           Time % Phy DF OF 
 1 Artem Anisimov                                    55     1   2  2  
 2 Andrew Mangiapane                                 45     1   2  2  

Penalty Kill - 3 Players Defense
   Defense                  Defense                  Time % Phy DF OF 
 1 Alexander Edler          T.J. Brodie              55     1   2  2  
 2 Erik Gudbranson          Radim Simek              45     1   2  2  

4 vs 4 Forward 
   Center                   Wing                     Time % Phy DF OF 
 1 Artem Anisimov           Andrew Mangiapane        55     1   2  2  
 2 Blake Lizotte            Kyle Okposo              45     1   2  2  

4 vs 4 Defense
   Defense                  Defense                  Time % Phy DF OF 
 1 Alexander Edler          T.J. Brodie              55     1   2  2  
 2 Erik Gudbranson          Radim Simek              45     1   2  2  

Last Minutes Offensive
   Center                   Left Wing                Right Wing               Defense                  Defense                  
   Artem Anisimov           Andrew Mangiapane        Kyle Okposo              Alexander Edler          T.J. Brodie              

Last Minutes Defensive
   Center                   Left Wing                Right Wing               Defense                  Defense                  
   Artem Anisimov           Andrew Mangiapane        Kyle Okposo              Alexander Edler          T.J. Brodie              

Goaltenders
Starting : Devan Dubnyk             
Backup : Calvin Pickard           

Extra Forwards
Normal : Vladimir Sobotka, Nathan Walker, Ross Colton - PP : Vladimir Sobotka, Nathan Walker - PK : Ross Colton
Extra Defensemen
Normal : Troy Stecher, Oliwer Kaski, Conor Timmins - PP : Troy Stecher - PK : Oliwer Kaski, Conor Timmins
Penalty Shots
Artem Anisimov, Andrew Mangiapane, Blake Lizotte, Kyle Okposo, Alex Galchenyuk
Custom OT Lines Forwards
Artem Anisimov, Andrew Mangiapane, Blake Lizotte, Kyle Okposo, Alex Galchenyuk, Zachary Sanford, Vladimir Sobotka, Nathan Walker, Ross Colton, Robert Lantosi
Custom OT Lines Defensemen
Alexander Edler, T.J. Brodie, Erik Gudbranson, Radim Simek, Troy Stecher

Scratches
Adam Mascherin (Healthy), Jakub Lauko (Healthy), Kale Clague (Bruised Left Leg Injury), MacKenzie Weegar (Broken Bone (Left Arm) Injury), Nicholas Paul (Lower Body Injury)
Valentin Zykov (Bruised Left Leg Injury), Michael Hutchinson (Broken Left Foot Toe Injury), Kevin Poulin (Healthy), Thatcher Demko (Exhaustion)

% Time on Ice - CALGARY FIREMEN

Lines # - Real PCT - Wanted PCT - Time Play
Normal Forward
1 - 22% - 36% - 11:22
2 - 37% - 31% - 19:10
3 - 23% - 23% - 12:01
4 - 18% - 10% - 9:31
Normal Defense
1 - 33% - 36% - 17:11
2 - 28% - 31% - 14:37
3 - 27% - 23% - 14:09
4 - 12% - 10% - 6:07
PP Forward
1 - 53% - 55% - 2:07
2 - 47% - 45% - 1:51
PP Defense
1 - 56% - 55% - 2:14
2 - 44% - 45% - 1:44
PK Forward
1 - 56% - 55% - 2:14
2 - 44% - 45% - 1:44
PK Defense
1 - 71% - 55% - 2:48
2 - 29% - 45% - 1:10
PK3 Forward
1 - 0% - 55%
2 - 0% - 45%
PK3 Defense
1 - 0% - 55%
2 - 0% - 45%
44 Forward
1 - 0% - 55%
2 - 0% - 45%
44 Defense
1 - 0% - 55%
2 - 0% - 45%
Last Minute Offensive  - 0:00
Last Minute Defensive  - 0:00
Total
Forward - 60:00
Defense - 60:00

% Time on Ice - UTAH ICE BEARS

Lines # - Real PCT - Wanted PCT - Time Play
Normal Forward
1 - 28% - 36% - 14:37
2 - 33% - 31% - 16:57
3 - 32% - 23% - 16:41
4 - 7% - 10% - 3:49
Normal Defense
1 - 28% - 36% - 14:36
2 - 31% - 31% - 16:20
3 - 30% - 23% - 15:51
4 - 10% - 10% - 5:17
PP Forward
1 - 57% - 55% - 2:15
2 - 43% - 45% - 1:43
PP Defense
1 - 57% - 55% - 2:15
2 - 43% - 45% - 1:43
PK Forward
1 - 69% - 55% - 2:44
2 - 31% - 45% - 1:14
PK Defense
1 - 62% - 55% - 2:27
2 - 38% - 45% - 1:31
PK3 Forward
1 - 0% - 55%
2 - 0% - 45%
PK3 Defense
1 - 0% - 55%
2 - 0% - 45%
44 Forward
1 - 0% - 55%
2 - 0% - 45%
44 Defense
1 - 0% - 55%
2 - 0% - 45%
Last Minute Offensive  - 0:00
Last Minute Defensive  - 0:00
Total
Forward - 60:00
Defense - 60:00

Play-by-Play

1st period


0:01 of 1st period - Artem Anisimov wins face-off versus Ryan Johansen in neutral zone.
0:42 of 1st period - Icing by Brendan Gallagher.
0:43 of 1st period - Blake Lizotte wins face-off versus Ryan Johansen in CALGARY FIREMEN zone.
0:49 of 1st period - Off-side.
0:50 of 1st period - Robert Lantosi wins face-off versus Adam Henrique in neutral zone.
1:01 of 1st period - Shot by Nathan Walker.
1:01 of 1st period - Shot Misses the Net.
1:03 of 1st period - Shot by Troy Stecher.
1:03 of 1st period - Goal by Troy Stecher - CALGARY FIREMEN : 0 - UTAH ICE BEARS : 1.
1:04 of 1st period - Frans Nielsen wins face-off versus Blake Lizotte in neutral zone.
1:09 of 1st period - Shot by Sonny Milano.
1:09 of 1st period - Goal by Sonny Milano - CALGARY FIREMEN : 1 - UTAH ICE BEARS : 1.
1:10 of 1st period - Alex Galchenyuk wins face-off versus Adam Henrique in neutral zone.
1:22 of 1st period - Shot by Blake Lizotte.
1:22 of 1st period - Stopped by Vitek Vanecek without a rebound.
1:23 of 1st period - Ross Colton wins face-off versus Frans Nielsen in CALGARY FIREMEN zone.
1:26 of 1st period - Shot by Artem Anisimov.
1:26 of 1st period - Stopped by Vitek Vanecek without a rebound.
1:27 of 1st period - Frans Nielsen wins face-off versus Vladimir Sobotka in CALGARY FIREMEN zone.
3:00 of 1st period - Minor Penalty to Jonathon Merrill for Roughing.
3:01 of 1st period - Filip Forsberg wins face-off versus Artem Anisimov in CALGARY FIREMEN zone.
3:01 of 1st period - Filip Forsberg is hit by Kyle Okposo.
3:13 of 1st period - Shot by Filip Forsberg.
3:13 of 1st period - Stopped by Devan Dubnyk without a rebound.
3:14 of 1st period - Artem Anisimov wins face-off versus Filip Forsberg in UTAH ICE BEARS zone.
3:41 of 1st period - Shot by Artem Anisimov.
3:41 of 1st period - Stopped by Vitek Vanecek without a rebound.
3:42 of 1st period - Blake Lizotte wins face-off versus Filip Forsberg in CALGARY FIREMEN zone.
3:47 of 1st period - Shot by Alex Galchenyuk.
3:47 of 1st period - Shot Blocked by Brent Seabrook.
3:49 of 1st period - Shot by Erik Gudbranson.
3:49 of 1st period - Shot Blocked by Brent Seabrook.
4:11 of 1st period - Shot by Blake Lizotte.
4:11 of 1st period - Shot Blocked by Brent Seabrook.
4:13 of 1st period - Shot by Radim Simek.
4:13 of 1st period - Shot Misses the Net.
4:37 of 1st period - Shot by Alexander Edler.
4:37 of 1st period - Stopped by Vitek Vanecek with a rebound.
4:39 of 1st period - Shot by Alexander Edler.
4:39 of 1st period - Stopped by Vitek Vanecek with a rebound.
4:41 of 1st period - Shot by Andrew Mangiapane.
4:41 of 1st period - Stopped by Vitek Vanecek with a rebound.
4:43 of 1st period - Shot by Alexander Edler.
4:43 of 1st period - The goal is going for a video replay.
4:43 of 1st period - The goal is refused.
4:44 of 1st period - Filip Forsberg wins face-off versus Kyle Okposo in CALGARY FIREMEN zone.
5:01 of 1st period - Shot by Vladimir Sobotka.
5:01 of 1st period - Stopped by Vitek Vanecek without a rebound.
5:02 of 1st period - Vladimir Sobotka wins face-off versus Adam Henrique in CALGARY FIREMEN zone.
5:02 of 1st period - Nathan Walker is hit by Gustav Lindstrom and loses puck.
5:12 of 1st period - Vladimir Sobotka is hit by Darren Raddysh.
5:26 of 1st period - Shot by Robert Lantosi.
5:26 of 1st period - Shot Misses the Net.
5:43 of 1st period - Shot by Viktor Arvidsson.
5:43 of 1st period - Deflect By Oskar Lindblom.
5:43 of 1st period - Shot Misses the Net.
5:45 of 1st period - Shot by Oskar Lindblom.
5:45 of 1st period - Stopped by Devan Dubnyk without a rebound.
5:46 of 1st period - Ryan Johansen wins face-off versus Blake Lizotte in UTAH ICE BEARS zone.
5:51 of 1st period - Shot by Filip Forsberg.
5:51 of 1st period - Deflect By Ryan Johansen.
5:51 of 1st period - Shot Misses the Net.
6:02 of 1st period - Icing by Sami Vatanen.
6:03 of 1st period - Ryan Johansen wins face-off versus Artem Anisimov in CALGARY FIREMEN zone.
6:22 of 1st period - Shot by Andrew Mangiapane.
6:22 of 1st period - Stopped by Vitek Vanecek without a rebound.
6:23 of 1st period - Adam Henrique wins face-off versus Blake Lizotte in CALGARY FIREMEN zone.
7:14 of 1st period - Shot by Andrew Mangiapane.
7:14 of 1st period - Stopped by Vitek Vanecek with a rebound.
7:22 of 1st period - Shot by Artem Anisimov.
7:22 of 1st period - Stopped by Vitek Vanecek without a rebound.
7:23 of 1st period - Vladimir Sobotka wins face-off versus Ryan Johansen in CALGARY FIREMEN zone.
7:23 of 1st period - Vladimir Sobotka is hit by Sami Vatanen.
7:36 of 1st period - Troy Stecher is hit by Ryan Johansen and loses puck.
7:41 of 1st period - Shot by Ryan Johansen.
7:41 of 1st period - Stopped by Devan Dubnyk without a rebound.
7:42 of 1st period - Brett Howden wins face-off versus Artem Anisimov in UTAH ICE BEARS zone.
7:42 of 1st period - Brett Howden is hit by Radim Simek.
7:48 of 1st period - Shot by Filip Forsberg.
7:48 of 1st period - Stopped by Devan Dubnyk with a rebound.
7:50 of 1st period - Shot by Joakim Nygard.
7:50 of 1st period - Stopped by Devan Dubnyk without a rebound.
7:51 of 1st period - Artem Anisimov wins face-off versus Frans Nielsen in UTAH ICE BEARS zone.
7:51 of 1st period - Artem Anisimov is hit by Brendan Gallagher.
7:59 of 1st period - Shot by Brendan Gallagher.
7:59 of 1st period - Shot Blocked by T.J. Brodie.
8:13 of 1st period - Icing by Frans Nielsen.
8:14 of 1st period - Frans Nielsen wins face-off versus Blake Lizotte in CALGARY FIREMEN zone.
8:29 of 1st period - Shot by Blake Lizotte.
8:29 of 1st period - Shot Misses the Net.
8:31 of 1st period - Shot by Blake Lizotte.
8:31 of 1st period - Stopped by Vitek Vanecek without a rebound.
8:32 of 1st period - Brett Howden wins face-off versus Artem Anisimov in CALGARY FIREMEN zone.
9:04 of 1st period - Shot by Filip Forsberg.
9:04 of 1st period - Shot Misses the Net.
9:06 of 1st period - Shot by Jake McCabe.
9:06 of 1st period - Shot Blocked by Alexander Edler.
9:08 of 1st period - Shot by Filip Forsberg.
9:08 of 1st period - Shot Blocked by Alexander Edler.
9:24 of 1st period - Shot by Adam Henrique.
9:24 of 1st period - Stopped by Devan Dubnyk without a rebound.
9:25 of 1st period - Blake Lizotte wins face-off versus Adam Henrique in UTAH ICE BEARS zone.
9:30 of 1st period - Oskar Lindblom is hit by Zachary Sanford and loses puck.
9:47 of 1st period - Shot by Adam Henrique.
9:47 of 1st period - Deflect By Oskar Lindblom.
9:47 of 1st period - Shot Misses the Net.
10:15 of 1st period - Shot by Vladimir Sobotka.
10:15 of 1st period - Stopped by Vitek Vanecek with a rebound.
10:26 of 1st period - Icing by Vladimir Sobotka.
10:27 of 1st period - Ryan Johansen wins face-off versus Vladimir Sobotka in UTAH ICE BEARS zone.
10:32 of 1st period - Shot by Ryan Johansen.
10:32 of 1st period - Deflect By Filip Forsberg.
10:32 of 1st period - Shot Misses the Net.
10:34 of 1st period - Shot by Brendan Gallagher.
10:34 of 1st period - Shot Misses the Net.
10:36 of 1st period - Shot by Filip Forsberg.
10:36 of 1st period - Shot Blocked by Oliwer Kaski.
10:38 of 1st period - Shot by Brendan Gallagher.
10:38 of 1st period - Shot Blocked by Troy Stecher.
10:42 of 1st period - Shot by Filip Forsberg.
10:42 of 1st period - Stopped by Devan Dubnyk without a rebound.
10:43 of 1st period - Artem Anisimov wins face-off versus Joakim Nygard in UTAH ICE BEARS zone.
11:23 of 1st period - Icing by Jonathon Merrill.
11:24 of 1st period - Blake Lizotte wins face-off versus Brett Howden in CALGARY FIREMEN zone.
11:25 of 1st period - Shot by Zachary Sanford.
11:25 of 1st period - Shot Misses the Net.
11:34 of 1st period - Shot by Blake Lizotte.
11:34 of 1st period - Shot Misses the Net.
11:36 of 1st period - Shot by Blake Lizotte.
11:36 of 1st period - Stopped by Vitek Vanecek without a rebound.
11:37 of 1st period - Adam Henrique wins face-off versus Vladimir Sobotka in CALGARY FIREMEN zone.
11:39 of 1st period - Icing by Viktor Arvidsson.
11:40 of 1st period - Adam Henrique wins face-off versus Blake Lizotte in CALGARY FIREMEN zone.
12:02 of 1st period - Shot by Viktor Arvidsson.
12:02 of 1st period - Shot Blocked by T.J. Brodie.
12:35 of 1st period - Icing by Darren Raddysh.
12:36 of 1st period - Adam Henrique wins face-off versus Artem Anisimov in CALGARY FIREMEN zone.
12:51 of 1st period - Shot by Andrew Mangiapane.
12:51 of 1st period - Shot Misses the Net.
12:58 of 1st period - Artem Anisimov is hit by Brent Seabrook and loses puck.
13:11 of 1st period - Shot by Artem Anisimov.
13:11 of 1st period - Shot Misses the Net.
13:13 of 1st period - Shot by Erik Gudbranson.
13:13 of 1st period - Stopped by Vitek Vanecek without a rebound.
13:14 of 1st period - Frans Nielsen wins face-off versus Vladimir Sobotka in CALGARY FIREMEN zone.
13:29 of 1st period - Shot by Brendan Gallagher.
13:29 of 1st period - Shot Misses the Net.
13:35 of 1st period - Jake McCabe is hit by Vladimir Sobotka and loses puck.
14:15 of 1st period - Off-side.
14:16 of 1st period - Adam Henrique wins face-off versus Ross Colton in neutral zone.
14:32 of 1st period - Off-side.
14:33 of 1st period - Blake Lizotte wins face-off versus Brett Howden in neutral zone.
14:59 of 1st period - Icing by Brent Seabrook.
15:00 of 1st period - Artem Anisimov wins face-off versus Brett Howden in CALGARY FIREMEN zone.
15:06 of 1st period - Icing by Sami Vatanen.
15:07 of 1st period - Artem Anisimov wins face-off versus Filip Forsberg in CALGARY FIREMEN zone.
15:58 of 1st period - Off-side.
15:59 of 1st period - Adam Henrique wins face-off versus Zachary Sanford in neutral zone.
16:34 of 1st period - Shot by Adam Henrique.
16:34 of 1st period - Stopped by Devan Dubnyk without a rebound.
16:35 of 1st period - Ryan Johansen wins face-off versus Vladimir Sobotka in UTAH ICE BEARS zone.
16:54 of 1st period - Shot by Filip Forsberg.
16:54 of 1st period - Stopped by Devan Dubnyk without a rebound.
16:55 of 1st period - Frans Nielsen wins face-off versus Ross Colton in UTAH ICE BEARS zone.
16:56 of 1st period - Shot by Brendan Gallagher.
16:56 of 1st period - Stopped by Devan Dubnyk without a rebound.
16:57 of 1st period - Artem Anisimov wins face-off versus Ryan Johansen in UTAH ICE BEARS zone.
16:57 of 1st period - Artem Anisimov is hit by Filip Forsberg.
17:23 of 1st period - Shot by Andrew Mangiapane.
17:23 of 1st period - Stopped by Vitek Vanecek without a rebound.
17:24 of 1st period - Adam Henrique wins face-off versus Vladimir Sobotka in CALGARY FIREMEN zone.
17:24 of 1st period - Adam Henrique is hit by Nathan Walker.
17:39 of 1st period - Adam Henrique is hit by Erik Gudbranson and loses puck.
17:49 of 1st period - Viktor Arvidsson is hit by Erik Gudbranson and loses puck.
18:17 of 1st period - Ryan Johansen is hit by Erik Gudbranson and loses puck.
18:22 of 1st period - Shot by Filip Forsberg.
18:22 of 1st period - Shot Misses the Net.
18:29 of 1st period - Brendan Gallagher is hit by Erik Gudbranson.
19:04 of 1st period - Shot by Andrew Mangiapane.
19:04 of 1st period - Stopped by Vitek Vanecek without a rebound.
19:05 of 1st period - Blake Lizotte wins face-off versus Adam Henrique in CALGARY FIREMEN zone.
19:22 of 1st period - Shot by Blake Lizotte.
19:22 of 1st period - Deflect By Zachary Sanford.
19:22 of 1st period - Stopped by Vitek Vanecek without a rebound.
19:23 of 1st period - Frans Nielsen wins face-off versus Artem Anisimov in CALGARY FIREMEN zone.
19:42 of 1st period - Shot by Brendan Gallagher.
19:42 of 1st period - Shot Misses the Net.
19:59 of 1st period - Icing by Troy Stecher.
Goals for this period are 1 for CALGARY FIREMEN vs 1 for UTAH ICE BEARS.
Shots for this period are 11 for CALGARY FIREMEN vs 19 for UTAH ICE BEARS.

2nd period


0:01 of 2nd period - Ross Colton wins face-off versus Filip Forsberg in neutral zone.
0:14 of 2nd period - Shot by Artem Anisimov.
0:14 of 2nd period - Stopped by Vitek Vanecek without a rebound.
0:15 of 2nd period - Viktor Arvidsson wins face-off versus Zachary Sanford in CALGARY FIREMEN zone.
0:30 of 2nd period - Shot by Adam Henrique.
0:30 of 2nd period - Stopped by Devan Dubnyk without a rebound.
0:31 of 2nd period - Ross Colton wins face-off versus Ryan Johansen in UTAH ICE BEARS zone.
0:31 of 2nd period - Ross Colton is hit by Brendan Gallagher.
0:43 of 2nd period - Shot by Brendan Gallagher.
0:43 of 2nd period - Goal by Brendan Gallagher - CALGARY FIREMEN : 2 - UTAH ICE BEARS : 1.
0:44 of 2nd period - Adam Henrique wins face-off versus Blake Lizotte in neutral zone.
1:50 of 2nd period - Shot by Filip Forsberg.
1:50 of 2nd period - Shot Blocked by Zachary Sanford.
1:52 of 2nd period - Shot by Brendan Gallagher.
1:52 of 2nd period - Stopped by Devan Dubnyk without a rebound.
1:53 of 2nd period - Artem Anisimov wins face-off versus Frans Nielsen in UTAH ICE BEARS zone.
1:53 of 2nd period - Artem Anisimov is hit by Brendan Gallagher.
2:00 of 2nd period - Andrew Mangiapane is hit by Frans Nielsen and loses puck.
2:48 of 2nd period - Minor Penalty to Filip Forsberg for Roughing.
2:49 of 2nd period - Adam Henrique wins face-off versus Zachary Sanford in CALGARY FIREMEN zone.
3:34 of 2nd period - Icing by Andrew Mangiapane.
3:35 of 2nd period - Adam Henrique wins face-off versus Artem Anisimov in UTAH ICE BEARS zone.
3:43 of 2nd period - Off-side.
3:44 of 2nd period - Artem Anisimov wins face-off versus Sonny Milano in neutral zone.
4:13 of 2nd period - Shot by Kyle Okposo.
4:13 of 2nd period - Shot Misses the Net.
4:55 of 2nd period - Icing by Filip Forsberg.
4:56 of 2nd period - Vladimir Sobotka wins face-off versus Ryan Johansen in CALGARY FIREMEN zone.
5:19 of 2nd period - Shot by Filip Forsberg.
5:19 of 2nd period - Stopped by Devan Dubnyk with a rebound.
5:38 of 2nd period - Minor Penalty to Troy Stecher for Interference.
5:39 of 2nd period - Artem Anisimov wins face-off versus Brett Howden in UTAH ICE BEARS zone.
5:47 of 2nd period - Off-side.
5:48 of 2nd period - Brett Howden wins face-off versus Artem Anisimov in neutral zone.
5:52 of 2nd period - Shot by Sami Vatanen.
5:52 of 2nd period - Shot Misses the Net.
5:54 of 2nd period - Shot by Brendan Gallagher.
5:54 of 2nd period - Stopped by Devan Dubnyk without a rebound.
5:55 of 2nd period - Artem Anisimov wins face-off versus Sonny Milano in UTAH ICE BEARS zone.
8:12 of 2nd period - Icing by Troy Stecher.
8:13 of 2nd period - Adam Henrique wins face-off versus Vladimir Sobotka in UTAH ICE BEARS zone.
8:18 of 2nd period - Shot by Oskar Lindblom.
8:18 of 2nd period - Stopped by Devan Dubnyk without a rebound.
8:19 of 2nd period - Frans Nielsen wins face-off versus Blake Lizotte in UTAH ICE BEARS zone.
8:48 of 2nd period - Shot by Brendan Gallagher.
8:48 of 2nd period - Stopped by Devan Dubnyk without a rebound.
8:49 of 2nd period - Adam Henrique wins face-off versus Otto Koivula in UTAH ICE BEARS zone.
9:00 of 2nd period - Shot by Oskar Lindblom.
9:00 of 2nd period - Shot Blocked by T.J. Brodie.
9:08 of 2nd period - Shot by Viktor Arvidsson.
9:08 of 2nd period - Shot Misses the Net.
9:10 of 2nd period - Shot by Sami Vatanen.
9:10 of 2nd period - Goal by Sami Vatanen - CALGARY FIREMEN : 3 - UTAH ICE BEARS : 1.
9:11 of 2nd period - Vladimir Sobotka wins face-off versus Ryan Johansen in neutral zone.
9:14 of 2nd period - Filip Forsberg is hit by Nathan Walker and loses puck.
9:53 of 2nd period - Shot by Ryan Johansen.
9:53 of 2nd period - Stopped by Devan Dubnyk without a rebound.
9:54 of 2nd period - Adam Henrique wins face-off versus Artem Anisimov in UTAH ICE BEARS zone.
11:45 of 2nd period - Shot by Sonny Milano.
11:45 of 2nd period - Stopped by Devan Dubnyk without a rebound.
11:46 of 2nd period - Frans Nielsen wins face-off versus Robert Lantosi in UTAH ICE BEARS zone.
12:10 of 2nd period - Minor Penalty to Conor Timmins for Boarding.
12:11 of 2nd period - Brendan Gallagher wins face-off versus Artem Anisimov in UTAH ICE BEARS zone.
12:12 of 2nd period - Shot by Viktor Arvidsson.
12:12 of 2nd period - Shot Misses the Net.
12:42 of 2nd period - Shot by Viktor Arvidsson.
12:42 of 2nd period - Stopped by Devan Dubnyk with a rebound.
13:19 of 2nd period - Shot by Filip Forsberg.
13:19 of 2nd period - Shot Blocked by Erik Gudbranson.
13:21 of 2nd period - Shot by Brent Seabrook.
13:21 of 2nd period - Deflect By Filip Forsberg.
13:21 of 2nd period - Shot Misses the Net.
14:15 of 2nd period - Vladimir Sobotka is hit by Darren Raddysh and loses puck.
14:30 of 2nd period - Shot by Viktor Arvidsson.
14:30 of 2nd period - Stopped by Devan Dubnyk without a rebound.
14:31 of 2nd period - Ross Colton wins face-off versus Ryan Johansen in UTAH ICE BEARS zone.
14:36 of 2nd period - Shot by Artem Anisimov.
14:36 of 2nd period - Stopped by Vitek Vanecek without a rebound.
14:37 of 2nd period - Viktor Arvidsson wins face-off versus Blake Lizotte in CALGARY FIREMEN zone.
14:37 of 2nd period - Viktor Arvidsson is hit by Alex Galchenyuk.
14:49 of 2nd period - Shot by Adam Henrique.
14:49 of 2nd period - Goal by Adam Henrique - CALGARY FIREMEN : 4 - UTAH ICE BEARS : 1.
14:49 of 2nd period - Calvin Pickard enters game.
14:50 of 2nd period - Vladimir Sobotka wins face-off versus Ryan Johansen in neutral zone.
14:55 of 2nd period - Shot by Radim Simek.
14:55 of 2nd period - Shot Blocked by Brendan Gallagher.
15:22 of 2nd period - Shot by Vladimir Sobotka.
15:22 of 2nd period - Stopped by Vitek Vanecek without a rebound.
15:23 of 2nd period - Artem Anisimov wins face-off versus Adam Henrique in CALGARY FIREMEN zone.
16:22 of 2nd period - Shot by Brendan Gallagher.
16:22 of 2nd period - Stopped by Calvin Pickard with a rebound.
17:00 of 2nd period - Shot by Zachary Sanford.
17:00 of 2nd period - Stopped by Vitek Vanecek with a rebound.
17:08 of 2nd period - Shot by Zachary Sanford.
17:08 of 2nd period - Shot Misses the Net.
17:20 of 2nd period - Icing by Brendan Gallagher.
17:21 of 2nd period - Frans Nielsen wins face-off versus Robert Lantosi in CALGARY FIREMEN zone.
18:36 of 2nd period - Shot by Artem Anisimov.
18:36 of 2nd period - Deflect By Ross Colton.
18:36 of 2nd period - Shot Misses the Net.
18:54 of 2nd period - Shot by Ross Colton.
18:54 of 2nd period - Shot Blocked by Sami Vatanen.
19:07 of 2nd period - Icing by Brent Seabrook.
19:08 of 2nd period - Adam Henrique wins face-off versus Blake Lizotte in CALGARY FIREMEN zone.
19:47 of 2nd period - Shot by Filip Forsberg.
19:47 of 2nd period - Shot Blocked by Radim Simek.
19:59 of 2nd period - Shot by Filip Forsberg.
19:59 of 2nd period - Stopped by Calvin Pickard without a rebound.
Goals for this period are 3 for CALGARY FIREMEN vs 0 for UTAH ICE BEARS.
Shots for this period are 15 for CALGARY FIREMEN vs 4 for UTAH ICE BEARS.

3rd period


0:01 of 3rd period - Artem Anisimov wins face-off versus Ryan Johansen in neutral zone.
0:52 of 3rd period - Icing by Sami Vatanen.
0:53 of 3rd period - Blake Lizotte wins face-off versus Ryan Johansen in CALGARY FIREMEN zone.
1:10 of 3rd period - Shot by Adam Henrique.
1:10 of 3rd period - Shot Misses the Net.
1:14 of 3rd period - Shot by Viktor Arvidsson.
1:14 of 3rd period - Stopped by Calvin Pickard without a rebound.
1:15 of 3rd period - Adam Henrique wins face-off versus Vladimir Sobotka in UTAH ICE BEARS zone.
2:15 of 3rd period - Shot by Brett Howden.
2:15 of 3rd period - Stopped by Calvin Pickard without a rebound.
2:16 of 3rd period - Artem Anisimov wins face-off versus Sonny Milano in UTAH ICE BEARS zone.
2:54 of 3rd period - Icing by Ville Heinola.
2:55 of 3rd period - Frans Nielsen wins face-off versus Blake Lizotte in CALGARY FIREMEN zone.
2:55 of 3rd period - Frans Nielsen is hit by Alex Galchenyuk.
3:13 of 3rd period - Shot by Zachary Sanford.
3:13 of 3rd period - Shot Blocked by Gustav Forsling.
3:15 of 3rd period - Shot by Zachary Sanford.
3:15 of 3rd period - Shot Misses the Net.
3:17 of 3rd period - Shot by Blake Lizotte.
3:17 of 3rd period - Shot Misses the Net.
3:19 of 3rd period - Shot by Blake Lizotte.
3:19 of 3rd period - Stopped by Vitek Vanecek without a rebound.
3:20 of 3rd period - Adam Henrique wins face-off versus Ross Colton in CALGARY FIREMEN zone.
3:54 of 3rd period - Shot by Artem Anisimov.
3:54 of 3rd period - Shot Blocked by Jake McCabe.
6:06 of 3rd period - Icing by Artem Anisimov.
6:07 of 3rd period - Adam Henrique wins face-off versus Artem Anisimov in UTAH ICE BEARS zone.
6:20 of 3rd period - Shot by Artem Anisimov.
6:20 of 3rd period - Deflect By Kyle Okposo.
6:20 of 3rd period - Shot Misses the Net.
6:42 of 3rd period - Icing by Oskar Lindblom.
6:43 of 3rd period - Adam Henrique wins face-off versus Vladimir Sobotka in CALGARY FIREMEN zone.
6:43 of 3rd period - Adam Henrique is hit by Nathan Walker.
6:46 of 3rd period - Icing by Viktor Arvidsson.
6:47 of 3rd period - Vladimir Sobotka wins face-off versus Adam Henrique in CALGARY FIREMEN zone.
6:55 of 3rd period - Vladimir Sobotka is hit by Jonathon Merrill and loses puck.
7:14 of 3rd period - Oskar Lindblom is hit by Nathan Walker and loses puck.
8:12 of 3rd period - Blake Lizotte is hit by Gustav Lindstrom.
8:24 of 3rd period - Icing by Gustav Lindstrom.
8:25 of 3rd period - Artem Anisimov wins face-off versus Ryan Johansen in CALGARY FIREMEN zone.
8:26 of 3rd period - Shot by Andrew Mangiapane.
8:26 of 3rd period - Stopped by Vitek Vanecek without a rebound.
8:27 of 3rd period - Adam Henrique wins face-off versus Artem Anisimov in CALGARY FIREMEN zone.
9:02 of 3rd period - Shot by Andrew Mangiapane.
9:02 of 3rd period - Shot Misses the Net.
9:32 of 3rd period - Shot by Sonny Milano.
9:32 of 3rd period - Shot Misses the Net.
9:34 of 3rd period - Shot by Jonathon Merrill.
9:34 of 3rd period - Deflect By Brendan Gallagher.
9:34 of 3rd period - Shot Misses the Net.
9:40 of 3rd period - Shot by Frans Nielsen.
9:40 of 3rd period - Stopped by Calvin Pickard without a rebound.
9:41 of 3rd period - Blake Lizotte wins face-off versus Brett Howden in UTAH ICE BEARS zone.
9:41 of 3rd period - Blake Lizotte is hit by Filip Forsberg.
10:17 of 3rd period - Icing by Filip Forsberg.
10:18 of 3rd period - Brett Howden wins face-off versus Kyle Okposo in CALGARY FIREMEN zone.
10:18 of 3rd period - Brett Howden is hit by Artem Anisimov.
11:00 of 3rd period - Shot by Kyle Okposo.
11:00 of 3rd period - Deflect By Andrew Mangiapane.
11:00 of 3rd period - Shot Misses the Net.
11:16 of 3rd period - Erik Gudbranson is hit by Filip Forsberg and loses puck.
11:32 of 3rd period - Icing by Filip Forsberg.
11:33 of 3rd period - Blake Lizotte wins face-off versus Brett Howden in CALGARY FIREMEN zone.
11:48 of 3rd period - Shot by Blake Lizotte.
11:48 of 3rd period - Stopped by Vitek Vanecek without a rebound.
11:49 of 3rd period - Ross Colton wins face-off versus Frans Nielsen in CALGARY FIREMEN zone.
12:07 of 3rd period - Icing by Alexander Edler.
12:08 of 3rd period - Adam Henrique wins face-off versus Ross Colton in UTAH ICE BEARS zone.
13:44 of 3rd period - Nathan Walker is hit by Frans Nielsen and loses puck.
14:32 of 3rd period - Icing by Gustav Forsling.
14:33 of 3rd period - Ryan Johansen wins face-off versus Artem Anisimov in CALGARY FIREMEN zone.
14:48 of 3rd period - Shot by Filip Forsberg.
14:48 of 3rd period - Deflect By Ryan Johansen.
14:48 of 3rd period - Shot Misses the Net.
14:50 of 3rd period - Shot by Filip Forsberg.
14:50 of 3rd period - Shot Misses the Net.
14:52 of 3rd period - Shot by Ville Heinola.
14:52 of 3rd period - Stopped by Calvin Pickard without a rebound.
14:53 of 3rd period - Ryan Johansen wins face-off versus Blake Lizotte in UTAH ICE BEARS zone.
15:00 of 3rd period - Shot by Brendan Gallagher.
15:00 of 3rd period - Shot Misses the Net.
15:28 of 3rd period - Zachary Sanford is hit by Ryan Johansen and loses puck.
16:38 of 3rd period - Shot by Artem Anisimov.
16:38 of 3rd period - Stopped by Vitek Vanecek without a rebound.
16:39 of 3rd period - Vladimir Sobotka wins face-off versus Brendan Gallagher in CALGARY FIREMEN zone.
18:18 of 3rd period - Shot by Adam Henrique.
18:18 of 3rd period - Shot Misses the Net.
18:31 of 3rd period - Adam Henrique is hit by Kyle Okposo and loses puck.
18:38 of 3rd period - Shot by Viktor Arvidsson.
18:38 of 3rd period - Stopped by Calvin Pickard without a rebound.
18:39 of 3rd period - Frans Nielsen wins face-off versus Blake Lizotte in UTAH ICE BEARS zone.
18:56 of 3rd period - Shot by Zachary Sanford.
18:56 of 3rd period - Shot Hit the Post.
19:29 of 3rd period - Shot by Andrew Mangiapane.
19:29 of 3rd period - Deflect By Artem Anisimov.
19:29 of 3rd period - Stopped by Vitek Vanecek without a rebound.
19:30 of 3rd period - Artem Anisimov wins face-off versus Adam Henrique in CALGARY FIREMEN zone.
19:39 of 3rd period - Shot by Kyle Okposo.
19:39 of 3rd period - Deflect By Andrew Mangiapane.
19:39 of 3rd period - Stopped by Vitek Vanecek with a rebound.
19:41 of 3rd period - Shot by Alexander Edler.
19:41 of 3rd period - Stopped by Vitek Vanecek with a rebound.
19:45 of 3rd period - Shot by Andrew Mangiapane.
19:45 of 3rd period - Shot Blocked by Jonathon Merrill.
19:47 of 3rd period - Shot by Andrew Mangiapane.
19:47 of 3rd period - Deflect By Artem Anisimov.
19:47 of 3rd period - Stopped by Vitek Vanecek with a rebound.
19:51 of 3rd period - Shot by Kyle Okposo.
19:51 of 3rd period - Stopped by Vitek Vanecek without a rebound.
19:52 of 3rd period - Ross Colton wins face-off versus Brett Howden in CALGARY FIREMEN zone.
Goals for this period are 0 for CALGARY FIREMEN vs 0 for UTAH ICE BEARS.
Shots for this period are 5 for CALGARY FIREMEN vs 9 for UTAH ICE BEARS.


EAST COAST

HOCKEY LEAGUE